 Dungeon Crawl Stone Soup version 0.25.1-2-g60ff931df9 (webtiles) character file.

Game seed: 6544959868130218894

329050 Teivard the Bludgeoner (level 22, -1/292 HPs)
             Began as a Human Fighter on Aug 23, 2020.
             Was the Champion of Okawaru.
             Splashed with acid (11 damage)
             ... on level 3 of the Pits of Slime on Aug 27, 2020.
             The game lasted 11:34:18 (67064 turns).

Teivard the Bludgeoner (Human Fighter)             Turns: 67064, Time: 11:34:18

Health: -1/292     AC: 27    Str: 31    XL:     22   Next: 68%
Magic:  27/27      EV: 26    Int: 35    God:    Okawaru [******]
Gold:   2954       SH:  0    Dex: 32    Spells: 17/21 levels left

rFire    + . .     SeeInvis +   l - +4 morningstar of Malaise {freeze, rN+ Str+4 Int+4}
rCold    + + +     Gourm    .   t - +1 kite shield {rC+}
rNeg     + . .     Faith    +   x - +0 plate armour "Nouzxod" {rC+ rCorr Str-3 Int+9}
rPois    +         Spirit   .   p - +2 helmet {Int+3}
rElec    +         Reflect  .   N - +2 cloak {rPois}
rCorr    +         Harm     .   H - +0 pair of gloves "Laock" {rC+ Dex+4 Stlth+}
MR       +....     Rnd*Tele +   i - +4 pair of boots of Distant Worlds {Int+6 Dex+4}
Stlth    ..........             B - amulet "Suofuos" {Faith *Contam rElec Str+4 Slay+5}
HPRegen  0.00/turn              e - +6 ring of strength
MPRegen  0.20/turn              U - ring of Pevint {+Fly Str+4 Int-3 Dex+6 SInv}

@: confused, mighty, berserking (expiring), resistant, flying, very slightly
contaminated, hasted, invisible, very quick
A: agile 1, deformed body, deterioration 2, robust 1, inhibited regeneration,
teleportitis 1, subdued magic 1
}: 2/15 runes: decaying, gossamer
a: Heroism, Finesse, Renounce Religion


You were on level 3 of the Pits of Slime.
You worshipped Okawaru.
Okawaru was exalted by your worship.
You were very hungry.

You visited 8 branches of the dungeon, and saw 38 of its levels.
You visited the Abyss 1 time.
You also visited: Sewer and Volcano.

You collected 4045 gold pieces.
You spent 1091 gold pieces at shops.

Inventory:

Hand Weapons
 h - a +3 demon whip of draining
 j - the +1 eveningstar of Darkness {venom, +Fly rPois rC- rN+++}
   (You acquired it on level 15 of the Dungeon)

   It poisons the flesh of those it strikes.
   It makes you vulnerable to cold.
   It protects you from poison.
   It renders you almost immune to negative energy.
   It lets you fly.
 l - the +4 morningstar of Malaise (weapon) {freeze, rN+ Str+4 Int+4}
   (Okawaru gifted it to you on level 4 of the Spider Nest)

   It has been specially enchanted to freeze those struck by it, causing extra
   injury to most foes and up to half again as much damage against particularly
   susceptible opponents.
   It can also slow down cold-blooded creatures.
   It affects your strength (+4).
   It affects your intelligence (+4).
   It protects you from negative energy.
 o - the +9 great mace of Cataclysm {protect, *Slow rF++ Int+5}
   (You took it off a deep elf demonologist on level 3 of the Elven Halls)

   It grants its wielder temporary protection when it strikes (+7 to AC).
   It affects your intelligence (+5).
   It greatly protects you from fire.
   It may slow you when you take damage.
Missiles
 q - 36 silver javelins
 G - 22 javelins
 S - 363 stones (quivered)
Armour
 i - the +4 pair of boots of Distant Worlds (worn) {Int+6 Dex+4}
   (You acquired it on level 3 of the Lair of Beasts)

   It affects your intelligence (+6).
   It affects your dexterity (+4).
 p - a +2 helmet of intelligence (worn)
 t - a +1 kite shield of cold resistance (worn)
 x - the +0 plate armour "Nouzxod" (worn) {rC+ rCorr Str-3 Int+9}
   (Okawaru gifted it to you on level 1 of the Lair of Beasts)

   It affects your strength (-3).
   It affects your intelligence (+9).
   It protects you from cold.
   It provides partial protection from all sources of acid and corrosion.
 y - a +0 tower shield
 H - the +0 pair of gloves "Laock" (worn) {rC+ Dex+4 Stlth+}
   (Okawaru gifted it to you on level 2 of the Spider Nest)

   It affects your dexterity (+4).
   It protects you from cold.
   It makes you more stealthy.
 N - a +2 cloak of poison resistance (worn)
Jewellery
 e - a +6 ring of strength (left hand)
 B - the amulet "Suofuos" (around neck) {Faith *Contam rElec Str+4 Slay+5}
   (You found it on level 4 of the Swamp)

   [amulet of faith]

   It allows you to gain divine favour quickly.
   It affects your strength (+4).
   It affects your accuracy and damage with ranged weapons and melee attacks
   (+5).
   It insulates you from electricity.
   It causes magical contamination when unequipped.
 F - the ring of Salvation {rPois rF+ MP-9 Int+2 Stlth+}
   (You took it off a deep elf demonologist on level 3 of the Elven Halls)

   [ring of stealth]

   It affects your intelligence (+2).
   It protects you from fire.
   It protects you from poison.
   It affects your magic capacity (-9).
   It makes you more stealthy.
 L - an uncursed ring of protection from cold
 P - an uncursed amulet of magic regeneration
 U - the ring of Pevint (right hand) {+Fly Str+4 Int-3 Dex+6 SInv}
   (You took it off Azrael on level 15 of the Dungeon)

   [ring of dexterity]

   It affects your strength (+4).
   It affects your intelligence (-3).
   It affects your dexterity (+6).
   It lets you see invisible.
   It lets you fly.
Wands
 J - a wand of digging (20)
 R - a wand of disintegration (31)
Scrolls
 b - 12 scrolls of remove curse
 d - 12 scrolls of teleportation
 g - 5 scrolls of blinking
 v - 9 scrolls of amnesia
 C - a scroll of holy word
 D - 5 scrolls of fear
 I - a scroll of brand weapon
 K - 5 scrolls of magic mapping
 T - 4 scrolls of enchant weapon
 X - 16 scrolls of identify
 Z - 2 scrolls of summoning
Potions
 c - a potion of invisibility
 k - 4 potions of brilliance
 m - 9 potions of curing
 n - a potion of haste
 s - 2 potions of cancellation
 u - 3 potions of ambrosia
 w - 3 potions of berserk rage
 z - a potion of magic
 A - 9 potions of stabbing
 E - 4 potions of flight
 V - 4 potions of resistance
Miscellaneous
 Q - a lightning rod (4/4)
Comestibles
 f - 73 rations


   Skills:
 - Level 16.0 Fighting
 - Level 18.2 Maces & Flails
 - Level 7.0 Throwing
 + Level 16.5 Armour
 - Level 17.0 Dodging
 - Level 16.0 Shields
 - Level 7.0 Invocations
 - Level 7.0 Evocations


You had 17 spell levels left.
You knew the following spells:

 Your Spells              Type           Power        Failure   Level  Hunger
a - Passage of Golubria   Tloc           N/A          96%         4    #####..

Your spell library contained the following spells:

 Spells                   Type           Power        Failure   Level  Hunger
 Animate Skeleton         Necr           N/A          28%         1    ##.....
 Apportation              Tloc           #.....       28%         1    ##.....
 Beastly Appendage        Tmut           #.....       28%         1    ##.....
 Corona                   Hex            #......      28%         1    ##.....
 Foxfire                  Conj/Fire      #...         28%         1    ##.....
 Freeze                   Ice            #...         28%         1    ##.....
 Infusion                 Chrm           #...         28%         1    ##.....
 Magic Dart               Conj           #...         28%         1    ##.....
 Pain                     Necr           #...         28%         1    ##.....
 Summon Butterflies       Summ           #.......     28%         1    ##.....
 Summon Small Mammal      Summ           #...         28%         1    ##.....
 Blink                    Tloc           N/A          38%         2    ###....
 Corpse Rot               Necr/Air       N/A          38%         2    ###....
 Ensorcelled Hibernation  Hex/Ice        #.....       38%         2    ###....
 Passwall                 Tmut/Erth      #.......     38%         2    ###....
 Poisonous Vapours        Pois/Air       #.....       38%         2    ###....
 Searing Ray              Conj           #.....       38%         2    ###....
 Shroud of Golubria       Chrm/Tloc      #.....       38%         2    ###....
 Song of Slaying          Chrm           #.......     38%         2    ###....
 Sticks to Snakes         Tmut           #.......     38%         2    ###....
 Sublimation of Blood     Necr           #.........   38%         2    ###....
 Call Canine Familiar     Summ           #.......     63%         3    ####...
 Conjure Flame            Conj/Fire      #.......     63%         3    ####...
 Dazzling Flash           Conj/Hex       #.....       63%         3    ####...
 Gell's Gravitas          Tloc           #.........   63%         3    ####...
 Ignite Poison            Fire/Tmut/Pois #.......     63%         3    ####...
 Inner Flame              Hex/Fire       #.......     63%         3    ####...
 Lesser Beckoning         Tloc           #.........   63%         3    ####...
 Mephitic Cloud           Conj/Pois/Air  #.......     63%         3    ####...
 Ozocubu's Armour         Chrm/Ice       #.......     63%         3    ####...
 Portal Projectile        Hex/Tloc       #.....       63%         3    ####...
 Spectral Weapon          Hex/Chrm       #.......     63%         3    ####...
 Spider Form              Tmut/Pois      #.........   63%         3    ####...
 Stone Arrow              Conj/Erth      #.....       63%         3    ####...
 Teleport Other           Tloc           #.......     63%         3    ####...
 Tukima's Dance           Hex            #.......     63%         3    ####...
 Vampiric Draining        Necr           #.........   63%         3    ####...
 Animate Dead             Necr           N/A          96%         4    #####..
 Dispel Undead            Necr           #.......     96%         4    #####..
 Fulminant Prism          Conj/Hex       #.........   96%         4    #####..
 Ice Form                 Ice/Tmut       #.......     96%         4    #####..
 Iskenderun's Mystic Bla  Conj/Tloc      #.......     96%         4    #####..
 Leda's Liquefaction      Hex/Erth       #.........   96%         4    #####..
 Petrify                  Tmut/Erth      #.......     96%         4    #####..
 Sticky Flame             Conj/Fire      #.......     96%         4    #####..
 Summon Ice Beast         Ice/Summ       #.......     96%         4    #####..
 Summon Lightning Spire   Summ/Air       #.......     96%         4    #####..
 Agony                    Necr           #.......     100%        5    ######.
 Alistair's Intoxication  Tmut/Pois      #.......     100%        5    ######.
 Blade Hands              Tmut           #.........   100%        5    ######.
 Bolt of Magma            Conj/Fire/Erth #.........   100%        5    ######.
 Borgnjor's Vile Clutch   Necr/Erth      #.........   100%        5    ######.
 Excruciating Wounds      Chrm/Necr      #.........   100%        5    ######.
 Fireball                 Conj/Fire      #.........   100%        5    ######.
 Iskenderun's Battlesphe  Conj/Chrm      #.......     100%        5    ######.
 Lee's Rapid Deconstruct  Erth           #.........   100%        5    ######.
 Lightning Bolt           Conj/Air       #.........   100%        5    ######.
 Silence                  Hex/Air        #.........   100%        5    ######.
 Summon Forest            Summ/Tloc      #.........   100%        5    ######.
 Summon Mana Viper        Hex/Summ       #.......     100%        5    ######.
 Conjure Ball Lightning   Conj/Air       #.........   100%        6    #######
 Darkness                 Hex            #.........   100%        6    #######
 Eringya's Noxious Bog    Tmut/Pois      #.........   100%        6    #######
 Freezing Cloud           Conj/Ice/Air   #.........   100%        6    #######
 Hydra Form               Tmut           #.........   100%        6    #######
 Invisibility             Hex            #.......     100%        6    #######
 Iron Shot                Conj/Erth      #.........   100%        6    #######
 Shadow Creatures         Summ           N/A          100%        6    #######
 Starburst                Conj/Fire      #.........   100%        6    #######
 Statue Form              Tmut/Erth      #........    100%        6    #######
 Orb of Destruction       Conj           #.........   100%        7    #######
 Ring of Flames           Chrm/Fire      #.........   100%        7    #######
 Spellforged Servitor     Conj/Summ      #.........   100%        7    #######
 Summon Hydra             Summ           #.........   100%        7    #######
 Shatter                  Erth           #.........   100%        9    #######
 Tornado                  Air            #.........   100%        9    #######


Dungeon Overview and Level Annotations

Branches:
Dungeon (15/15)            Temple (1/1) D:7            Lair (6/6) D:10
  Swamp (4/4) Lair:2       Spider (4/4) Lair:4        Slime (3/5) Lair:6
    Orc (2/2) D:9             Elf (3/3) Orc:2        Vaults (0/5) D:14
 Depths (0/5) D:15          Sewer (visited)         Volcano (visited)

Altars:
Ashenzari
Cheibriados
Dithmenos
Elyvilon
Fedhas
Gozag
Hepliaklqana
Kikubaaqudgha
Makhleb
Nemelex Xobeh
Okawaru
Qazlal
Ru
Sif Muna
Trog
Uskayaw
Vehumet
Wu Jian
Xom
Yredelemnul
Zin
The Shining One
Beogh

Shops:
D:9 *   D:13 ?   D:14 [((   D:15 (?}   Orc:2 :(%*[


Innate Abilities, Weirdness & Mutations

You are agile. (Dex +2)
Armour fits poorly on your strangely shaped body.
Your body often deteriorates upon taking damage.
You are robust. (+10% HP)
You do not regenerate when monsters are visible.
You are occasionally teleported next to monsters.
Your spells are a little easier to cast, but a little less powerful.


Message History

The slime creature hits you.
* * * LOW HITPOINT WARNING * * *
You closely miss the golden eye.
You are splashed with acid.
You resist.
* * * LOW HITPOINT WARNING * * *
The large slime creature quivers.
The golden eye blinks!
The golden eye blinks at you.
You easily resist.
A slime creature comes into view. x2
The golden eye blinks at you.
You are more confused.
You are splashed with acid!
You resist.
* * * LOW HITPOINT WARNING * * *
The large slime creature quivers.
The golden eye blinks at you.
You are more confused.
You're too confused to move!
You feel a strong urge to attack something.
You are splashed with acid!
You resist.
You die...

.#..J...ยง##
.......GJ.
...........
..........#
..#......##
#.....GJ.#
##..#JJ.##
#....#GJ.#
#...@#.##
###.##.##
###...#
##.## ###


You could see a very large slime creature, a large slime creature (wandering), 2
slime creatures and 3 golden eyes.

Vanquished Creatures
  Nikola (Spider:2)
  A lich (Abyss:2)
  Arachne (Spider:2)
  A bone dragon (Abyss:2)
  Rupert (D:15)
  2 deep elf blademasters (Elf:3)
  10 acid blobs
  An Executioner (Abyss:2)
  A deep elf master archer (Elf:3)
  2 tentacled starspawn (Abyss:2)
  The ghost of struggle the Blocker, an adept FoFi of Okawaru (Swamp:4)
  Agnes (Elf:1)
  Kirke (Swamp:4)
  2 thorn hunters (Swamp:3)
  6 azure jellies
  Donald (Elf:3)
  A frost giant (D:15)
  7 emperor scorpions
  4 orc warlords (Orc:1)
  A balrug (Abyss:2)
  A fire giant (D:15)
  5 deep elf sorcerers (Elf:3)
  3 ghost moths
  4 deep elf elementalists (Elf:3)
  A stone giant (Orc:1)
  2 very ugly things
  4 entropy weavers
  6 deep elf demonologists
  2 spark wasps
  Azrael (D:15)
  7 deep elf annihilators (Elf:3)
  An ettin (Orc:1)
  A deep elf death mage (Elf:3)
  3 great orbs of eyes (Slime:1)
  4 deep elf high priests (Elf:3)
  A fire dragon (Lair:6)
  Harold (D:7)
  8 vault guards
  14 hydras
  4 rakshasas
  A catoblepas (D:14)
  2 ghost crabs (Swamp:4)
  The ghost of Veteran the Protected, a novice DDFi of Makhleb (D:8)
  3 shambling mangroves
  An anaconda (Lair:6)
  5 two-headed ogres
  31 dancing weapons
  2 tengu warriors (D:15)
  3 centaur warriors
  2 death knights
  2 deep troll shamans (D:15)
  16 alligators
  Urug (Lair:6)
  An ogre mage (Orc:2)
  Sonja (Lair:1)
  3 thrashing horrors (Abyss:2)
  An orc high priest (Orc:2)
  2 wretched stars (Abyss:2)
  20 deep elf knights
  2 sixfirhies (Abyss:2)
  A skeletal warrior (D:14)
  2 unseen horrors
  2 spriggan druids (Swamp:3)
  5 wizards (Volcano)
  16 swamp dragons
  A lindwurm (Lair:4)
  13 deep elf archers
  7 orc knights
  A glowing orange brain (Slime:2)
  A wolf spider zombie (D:15)
  6 orc sorcerers
  3 oklob plants (Lair:6)
  13 orb spiders
  A phantasmal warrior (D:13)
  6 shining eyes
  23 wolf spiders
  3 manticores
  12 ugly things
  6 cyclopes
  4 moths of wrath
  55 deep elf magi
  2 large abominations (Abyss:2)
  10 elephants
  2 guardian serpents (D:15)
  A water nymph (shapeshifter) (Elf:2)
  An eye of devastation (Slime:2)
  4 black mambas
  5 toenail golems (Volcano)
  5 torpor snails
  10 centaur skeletons
  3 gargoyles
  A smoke demon (Abyss:2)
  5 kobold demonologists
  Maggie (D:7)
  17 spiny frogs
  12 komodo dragons
  6 yaktaurs (D:15)
  An ancient zyme (Abyss:2)
  2 efreet
  13 demonic crawlers
  7 rime drakes
  2 freezing wraiths
  15 trolls
  16 tyrant leeches
  27 jumping spiders
  10 polar bears
  61 slime creatures
  26 hornets
  7 raiju
  Prince Ribbit (D:7)
  A harpy skeleton (D:15)
  5 bog bodies
  5 hippogriffs
  4 dream sheep (Lair:5)
  30 blink frogs
  Grinder (D:5)
  50 redbacks
  3 shadows
  A spriggan (shapeshifter) (D:15)
  A ynoxinul (Abyss:2)
  3 water elementals
  17 tarantellas
  A flying skull (Abyss:2)
  3 spriggans
  An ettin skeleton (Abyss:2)
  A wyvern (D:12)
  3 hogs
  4 fire elementals
  6 wraiths
  2 chaos spawn (Abyss:2)
  43 yaks
  A hog (shapeshifter) (D:13)
  2 hungry ghosts
  22 vampire mosquitoes
  11 golden eyes
  A steam dragon (Lair:6)
  Grum (D:9)
  6 basilisks
  6 wargs
  2 acid dragons (Lair:6)
  A soldier ant (D:12)
  14 swamp worms
  4 small abominations (Abyss:2)
  12 porcupines
  Purgy (Sewer)
  2 floating eyes (D:15)
  16 water moccasins
  A floating eye (shapeshifter) (D:11)
  17 hell hounds
  12 swamp drakes
  10 sky beasts
  6 ice beasts
  8 eyes of draining
  24 ogres
  38 orc warriors
  13 black bears
  A necrophage (D:14)
  3 boggarts (D:15)
  19 wolves
  2 phantoms
  17 centaurs
  19 crocodiles
  Blork the orc (Orc:2)
  22 bullfrogs
  3 big kobolds
  A water moccasin zombie (D:6)
  A wyvern skeleton (D:12)
  4 scorpions
  A water moccasin skeleton (D:6)
  6 killer bees (D:9)
  11 wights
  3 howler monkeys
  2 electric eels (Lair:6)
  10 crimson imps
  A quasit (Abyss:2)
  A bullfrog zombie (D:8)
  4 centaur zombies
  10 orc priests
  6 bullfrog skeletons
  5 hounds
  7 jellies
  17 orc wizards
  5 iguanas
  A human skeleton (Abyss:2)
  20 worker ants
  A statue (D:9)
  A hound zombie (D:10)
  A hound skeleton (D:4)
  A worker ant zombie (D:7)
  9 adders
  7 gnolls
  5 shadow imps
  A white imp (Abyss:2)
  2 ufetubi (Abyss:2)
  An ooze (D:5)
  An adder skeleton (D:6)
  7 worms
  2 dart slugs
  10 leopard geckos
  71 orcs
  11 bats
  A bat zombie (D:7)
  10 giant cockroaches
  8 goblins
  6 hobgoblins
  21 jackals
  21 kobolds
  3 quokkas
  A ball python (D:2)
  5 frilled lizards
  A quokka zombie (D:9)
  12 rats
  2 rat zombies (D:7)
  2 butterflies (Lair:4)
  A plant (Lair:6)
1517 creatures vanquished.

Vanquished Creatures (others)
  The ghost of DildoBatman the Blocker, a journeyman FoWz of Kikubaaqudgha (Orc:1)
  4 humans (Swamp:4)
  A tarantella (Spider:2)
  An ogre (Orc:1)
  A jelly (D:15)
  2 briar patches (Swamp:4)
  A bush (Lair:6)
  25 fungi
  45 plants
  6 starspawn tentacles (Abyss:2)
87 creatures vanquished.

Grand Total: 1604 creatures vanquished

Notes
Turn   | Place    | Note
-------+----------+-------------------------------------------
     0 | D:1      | Teivard the Human Fighter began the quest for the Orb.
     0 | D:1      | Reached XP level 1. HP: 18/18 MP: 1/1
   265 | D:1      | Reached XP level 2. HP: 24/24 MP: 2/2
   418 | D:1      | Reached skill level 3 in Maces & Flails
   735 | D:1      | Reached XP level 3. HP: 29/29 MP: 3/3
  1578 | D:2      | Reached skill level 4 in Maces & Flails
  1578 | D:2      | Reached XP level 4. HP: 35/35 MP: 4/4
  2694 | D:3      | Reached XP level 5. HP: 37/41 MP: 5/5
  3166 | D:4      | Noticed an ogre
  3187 | D:4      | Killed an ogre
  3187 | D:4      | Reached skill level 5 in Maces & Flails
  3187 | D:4      | Reached XP level 6. HP: 47/47 MP: 6/6
  3236 | D:4      | Reached skill level 6 in Maces & Flails
  3588 | D:4      | Found a hazy altar of Hepliaklqana.
  3590 | D:4      | Noticed an ogre
  3597 | D:4      | Killed an ogre
  3934 | D:4      | Reached XP level 7. HP: 54/54 MP: 7/7
  4707 | D:5      | Entered Level 5 of the Dungeon
  5695 | D:5      | Found a shattered altar of Ashenzari.
  5806 | D:5      | Reached skill level 7 in Maces & Flails
  5806 | D:5      | Reached XP level 8. HP: 35/60 MP: 5/8
  6014 | D:5      | Noticed Grinder
  6573 | D:5      | Found a snail-covered altar of Cheibriados.
  7116 | D:6      | Found a sacrificial altar of Ru.
  7267 | D:6      | Reached skill level 8 in Maces & Flails
  7319 | D:6      | Found an iron altar of Okawaru.
  7327 | D:6      | Became a worshipper of Warmaster Okawaru
  7418 | D:6      | Found a glowing drain.
  7441 | Sewer    | Entered a sewer
  7456 | Sewer    | Noticed Purgy
  7472 | Sewer    | Killed Purgy
  7814 | D:6      | Reached skill level 5 in Shields
  8159 | D:6      | Reached * piety under Okawaru
  8159 | D:6      | Reached skill level 5 in Armour
  8159 | D:6      | Reached XP level 9. HP: 46/65 MP: 5/9
  8688 | D:7      | Reached skill level 5 in Fighting
  8794 | D:7      | Noticed Prince Ribbit
  8842 | D:7      | Killed Prince Ribbit
  9167 | D:7      | Found an ancient bone altar of Kikubaaqudgha.
  9265 | D:7      | Reached ** piety under Okawaru
  9357 | D:7      | Found a basalt altar of Yredelemnul.
  9359 | D:7      | Noticed a profane servitor
  9366 | D:7      | Found a glowing golden altar of the Shining One.
  9368 | D:7      | Noticed an angel
  9524 | D:7      | Found a glowing silver altar of Zin.
  9584 | D:7      | Found a staircase to the Ecumenical Temple.
  9591 | Temple   | Entered the Ecumenical Temple
  9806 | D:7      | Noticed Harold
 10373 | D:8      | Reached skill level 1 in Dodging
 10728 | D:8      | Reached XP level 10. HP: 70/76 MP: 11/13
 10777 | D:8      | Found a large runed translucent door.
 10777 | D:8      | Noticed Veteran's ghost (novice DDFi)
 10778 | D:8      | Found a large runed translucent door.
 11056 | D:9      | Found a blossoming altar of Fedhas.
 11064 | D:9      | Found a bloodstained altar of Trog.
 11180 | D:9      | Reached *** piety under Okawaru
 11264 | D:9      | Reached skill level 1 in Throwing
 11785 | D:9      | Noticed Grum
 11826 | D:9      | Received a gift from Okawaru
 12028 | D:9      | Killed Grum
 12227 | D:9      | Found a staircase to the Orcish Mines.
 12674 | D:9      | Found Qonir's General Store.
 12685 | D:9      | Bought a +2 pair of gloves of strength for 322 gold pieces
 12732 | D:9      | Found a shimmering blue altar of Sif Muna.
 13003 | D:9      | Found a burning altar of Makhleb.
 13187 | D:9      | Found a radiant altar of Vehumet.
 13262 | D:9      | Got a polished scale mail
 13273 | D:9      | Identified the +6 scale mail "Xienuyg" {rC++} (You found it
                  | on level 9 of the Dungeon)
 13303 | Orc:1    | Entered Level 1 of the Orcish Mines
 13786 | Orc:1    | Reached **** piety under Okawaru
 13786 | Orc:1    | Reached XP level 11. HP: 80/86 MP: 14/14
 13844 | Orc:1    | Found a roughly hewn altar of Beogh.
 13891 | Orc:2    | Entered Level 2 of the Orcish Mines
 13918 | Orc:2    | Found a staircase to the Elven Halls.
 13969 | Orc:2    | Noticed a two-headed ogre
 13975 | Orc:2    | Noticed an ogre mage
 13975 | Orc:2    | Noticed a two-headed ogre
 14025 | D:10     | Entered Level 10 of the Dungeon
 14138 | D:10     | Received a gift from Okawaru
 14633 | D:10     | Noticed a green ugly thing
 14633 | D:10     | Noticed a cyclops
 14685 | D:10     | Killed a green ugly thing
 14729 | D:10     | Identified the Grimoire of Air and the Rocks
 14769 | D:10     | Killed a cyclops
 15162 | D:10     | Reached ***** piety under Okawaru
 15251 | D:10     | Reached skill level 9 in Maces & Flails
 15306 | D:10     | Found a staircase to the Lair.
 15623 | D:10     | Noticed a manticore
 15882 | Lair:1   | Entered Level 1 of the Lair of Beasts
 15921 | Lair:1   | Noticed Sonja
 16027 | D:11     | Received a gift from Okawaru
 16193 | D:11     | Reached skill level 1 in Evocations
 16727 | D:11     | Noticed a two-headed ogre
 16728 | D:11     | a two-headed ogre changed into a floating eye
 16734 | D:11     | Paralysed by a floating eye for 4 turns
 16781 | D:11     | Reached XP level 12. HP: 72/95 MP: 11/15
 17583 | D:12     | Received a gift from Okawaru
 17921 | D:12     | Received a gift from Okawaru
 18101 | D:12     | Reached skill level 10 in Maces & Flails
 18595 | D:13     | Received a gift from Okawaru
 18595 | D:13     | Reached skill level 10 in Fighting
 18608 | D:13     | Got a pitted mace {god gift}
 18626 | D:12     | Identified the +6 mace of Dried Tears {vorpal, rF+ rN+
                  | Stlth+} (Okawaru gifted it to you on level 13 of the
                  | Dungeon)
 18721 | D:13     | Noticed a death knight
 18928 | D:13     | Reached skill level 10 in Shields
 19090 | D:13     | Reached XP level 13. HP: 92/103 MP: 16/16
 19371 | D:13     | Reached skill level 10 in Armour
 19381 | D:12     | Received a gift from Okawaru
 19527 | D:13     | Found Aluyqia's Magic Scroll Emporium.
 19537 | D:13     | Bought 3 scrolls of enchant armour for 270 gold pieces
 19542 | D:13     | Noticed a centaur warrior
 19550 | D:13     | Killed a centaur warrior
 19895 | D:14     | Found Dysiav's Antique Weapon Emporium.
 19895 | D:14     | Found Wecuic's Antique Armour Shoppe.
 19920 | D:14     | Reached skill level 5 in Dodging
 19965 | D:14     | Received a gift from Okawaru
 19972 | D:14     | Found Eramyaz's Weapon Boutique.
 19994 | D:14     | Reached skill level 11 in Maces & Flails
 20178 | D:14     | Reached ****** piety under Okawaru
 20190 | D:14     | Reached skill level 5 in Throwing
 20232 | D:14     | Noticed a five-headed hydra
 20243 | D:14     | Killed a five-headed hydra
 20590 | D:14     | Received a gift from Okawaru
 20642 | D:14     | Reached skill level 5 in Evocations
 20785 | D:14     | Reached skill level 5 in Invocations
 20816 | D:14     | Noticed a vault guard
 20829 | D:14     | Noticed a vault guard
 20963 | D:14     | Killed a vault guard
 20963 | D:14     | Received a gift from Okawaru
 20963 | D:14     | Reached XP level 14. HP: 92/113 MP: 10/17
 21498 | D:14     | Found a gate to the Vaults.
 21601 | D:15     | Entered Level 15 of the Dungeon
 21671 | D:15     | Found Gomaf's Magic Scroll Boutique.
 21684 | D:15     | Bought a scroll of identify for 30 gold pieces
 21684 | D:15     | Bought a scroll of holy word for 112 gold pieces
 21684 | D:15     | Bought a scroll of blinking for 112 gold pieces
 21689 | D:15     | Got a brightly glowing scale mail
 21756 | D:14     | Identified the +3 scale mail of Light {Int+2 Slay+2} (You
                  | found it on level 15 of the Dungeon)
 22073 | D:14     | Reached skill level 12 in Maces & Flails
 22655 | D:15     | Received a gift from Okawaru
 22769 | D:15     | Identified the ring of Pevint {+Fly Str+4 Int-3 Dex+6 SInv}
 22769 | D:15     | Noticed Azrael
 22923 | D:15     | Killed Azrael
 23315 | D:15     | Got a brightly glowing golden ring
 23323 | D:15     | Identified the ring "Vuokkit" {Fire Int+3 SInv} (You found
                  | it on level 15 of the Dungeon)
 23335 | D:15     | Noticed Rupert
 23345 | D:15     | Paralysed by Rupert for 7 turns
 23372 | D:15     | Killed Rupert
 23436 | D:15     | Reached XP level 15. HP: 100/120 MP: 13/18
 23739 | D:15     | Received a gift from Okawaru
 23995 | D:15     | Identified a scroll of acquirement
 23995 | D:15     | Acquired the +1 eveningstar of Darkness {venom, +Fly rPois
                  | rC- rN+++}
 24013 | D:15     | Noticed a frost giant
 24021 | D:15     | Killed a frost giant
 24523 | D:15     | Noticed a fire giant
 24523 | D:15     | Noticed a red very ugly thing
 24794 | D:15     | Killed a fire giant
 24945 | D:15     | Got a translucent jade ring
 24965 | D:15     | Killed a red very ugly thing
 24965 | D:15     | Reached skill level 13 in Maces & Flails
 24998 | D:15     | Identified the ring of Cilac {*Tele Str+6} (You found it on
                  | level 15 of the Dungeon)
 25016 | D:15     | Found Seimmaof's Gadget Shop.
 25045 | D:15     | Found a staircase to the Depths.
 25165 | D:15     | Found Yqozxear's Antique Weapon Boutique.
 25969 | D:8      | Killed Veteran's ghost
 26195 | D:7      | Killed Harold
 26198 | D:7      | Received a gift from Okawaru
 26267 | D:7      | Noticed Maggie
 26279 | D:7      | Killed Maggie
 26416 | D:5      | Killed Grinder
 26966 | Orc:2    | Noticed an orc warlord
 27056 | Orc:1    | Received a gift from Okawaru
 27625 | Orc:1    | Found a runed translucent gate.
 27625 | Orc:1    | Found a runed translucent gate.
 27702 | Orc:1    | Found a runed translucent gate.
 27702 | Orc:1    | Noticed DildoBatman's ghost (journeyman FoWz)
 27711 | Orc:1    | Noticed an orc warlord
 27757 | Orc:1    | Noticed a stone giant
 27812 | Orc:1    | Killed a stone giant
 28308 | Orc:1    | Paralysed by an orc sorcerer for 5 turns
 28568 | Orc:1    | Noticed an orc warlord
 28749 | Orc:1    | Identified the +6 battleaxe "Juh Unuck" {drain, rPois SInv
                  | Stlth-}
 28749 | Orc:1    | Noticed an orc warlord
 28795 | Orc:1    | Killed an orc warlord
 28795 | Orc:1    | Reached XP level 16. HP: 130/130 MP: 15/20
 28812 | Orc:1    | Received a gift from Okawaru
 29177 | Orc:1    | Identified the Guide on the Mutagenic Traveller
 30384 | Orc:2    | Found a roughly hewn altar of Beogh.
 30384 | Orc:2    | Noticed Blork the orc
 30408 | Orc:2    | Killed Blork the orc
 30545 | Orc:2    | Found Urinerph's Antique Weapon Shop.
 30574 | Orc:2    | Found Iso Zido's Book Shop.
 30589 | Orc:2    | Found Welicid's Antique Armour Shop.
 30609 | Orc:2    | Found Nuseluc's General Store.
 30620 | Orc:2    | Bought a scroll of identify for 28 gold pieces
 30646 | Orc:2    | Bought a runed cloak for 217 gold pieces
 30717 | Orc:2    | Found Funyoh's Food Emporium.
 31068 | Lair:1   | Killed Sonja
 31068 | Lair:1   | Received a gift from Okawaru
 31071 | Lair:1   | Got a spiked plate armour {god gift}
 32190 | Lair:1   | Identified the +0 plate armour "Nouzxod" {rC+ rCorr Str-3
                  | Int+9} (Okawaru gifted it to you on level 1 of the Lair of
                  | Beasts)
 32369 | Lair:2   | Found a staircase to the Swamp.
 33219 | Swamp:1  | Entered Level 1 of the Swamp
 34380 | Swamp:1  | Reached skill level 14 in Maces & Flails
 34734 | Lair:3   | Acquired the +4 pair of boots of Distant Worlds {Int+6
                  | Dex+4}
 35357 | Lair:4   | Acquired a manual of Maces & Flails
 35496 | Lair:4   | Found a hole to the Spider Nest.
 35733 | Lair:4   | Found a dark tunnel.
 35739 | Volcano  | Entered a volcano
 35804 | Volcano  | Reached skill level 15 in Maces & Flails
 35804 | Volcano  | Reached XP level 17. HP: 116/137 MP: 21/21
 36612 | Lair:4   | Received a gift from Okawaru
 36749 | Lair:4   | Reached skill level 16 in Maces & Flails
 36859 | Lair:4   | Found the +7 Spriggan's Knife {stab, EV+4 Stlth+}
 38166 | Lair:6   | Entered Level 6 of the Lair of Beasts
 38368 | Lair:6   | Received a gift from Okawaru
 38382 | Lair:6   | Reached skill level 17 in Maces & Flails
 38702 | Lair:6   | Reached skill level 18 in Maces & Flails
 39223 | Lair:6   | Received a gift from Okawaru
 40212 | Lair:6   | Received a gift from Okawaru
 40365 | Lair:6   | Noticed Urug
 40391 | Lair:6   | Killed Urug
 40681 | Lair:6   | Found a staircase to the Slime Pits.
 41908 | Swamp:2  | Reached XP level 18. HP: 96/146 MP: 22/22
 41909 | Swamp:2  | Paralysed by a hornet for 3 turns
 43386 | Swamp:3  | Received a gift from Okawaru
 43419 | Swamp:3  | Got a smoking mace {god gift}
 43422 | Swamp:3  | Identified the +1 mace of Plog {venom, rF- Int+4 Dex+4
                  | Stlth+} (Okawaru gifted it to you on level 3 of the Swamp)
 43618 | Swamp:3  | Found a blossoming altar of Fedhas.
 43667 | Swamp:3  | Acquired a +0 flail of holy wrath
 44036 | Swamp:4  | Entered Level 4 of the Swamp
 44052 | Swamp:4  | Noticed Kirke
 44089 | Swamp:4  | Killed Kirke
 44561 | Swamp:3  | Received a gift from Okawaru
 45665 | Swamp:3  | Received a gift from Okawaru
 45940 | Swamp:4  | Reached skill level 15 in Shields
 46221 | Swamp:4  | Got a decaying rune of Zot
 46327 | Swamp:4  | Found a transporter.
 46330 | Swamp:4  | Noticed struggle's ghost (adept FoFi)
 46402 | Swamp:4  | Found a transporter.
 46722 | Spider:1 | Entered Level 1 of the Spider Nest
 47894 | Spider:2 | Reached XP level 19. HP: 152/152 MP: 23/23
 47980 | Spider:2 | Noticed Arachne
 48206 | Spider:2 | Killed Arachne
 48206 | Spider:2 | Received a gift from Okawaru
 48222 | Spider:2 | Got a pair of spiked gloves {god gift}
 48235 | Spider:2 | Identified the +0 pair of gloves "Laock" {rC+ Dex+4 Stlth+}
                  | (Okawaru gifted it to you on level 2 of the Spider Nest)
 49058 | Spider:2 | Noticed Nikola
 49110 | Spider:2 | Killed Nikola
 49110 | Spider:2 | Reached skill level 15 in Armour
 51343 | Spider:4 | Entered Level 4 of the Spider Nest
 51747 | Spider:3 | Reached skill level 15 in Fighting
 52480 | Spider:4 | Paralysed by a hornet for 1 turns
 52503 | Spider:4 | Received a gift from Okawaru
 52849 | Spider:4 | Received a gift from Okawaru
 52852 | Spider:4 | Got a pitted morningstar {god gift}
 52854 | Spider:4 | Identified the +4 morningstar of Malaise {freeze, rN+ Str+4
                  | Int+4} (Okawaru gifted it to you on level 4 of the Spider
                  | Nest)
 53348 | Spider:4 | Reached skill level 10 in Dodging
 53477 | Spider:4 | Reached XP level 20. HP: 134/162 MP: 23/25
 54074 | Spider:4 | Got a gossamer rune of Zot
 54197 | Spider:3 | Learned a level 4 spell: Passage of Golubria
 54900 | Elf:1    | Entered Level 1 of the Elven Halls
 55243 | Elf:1    | Noticed Agnes
 55257 | Elf:1    | Killed Agnes
 55257 | Elf:1    | Received a gift from Okawaru
 55781 | Elf:1    | Identified Beuhynwi's Handbook of Creation
 56685 | Elf:1    | You fall into a shaft and drop 1 floor!
 57341 | Elf:2    | Found a runed translucent door.
 57341 | Elf:2    | Found a runed translucent door.
 57520 | Elf:2    | Received a gift from Okawaru
 58349 | Elf:3    | Entered Level 3 of the Elven Halls
 58545 | Elf:3    | Reached XP level 21. HP: 138/168 MP: 26/26
 58676 | Elf:3    | Cast into level 2 of the Abyss (a deep elf sorcerer)
 59007 | Abyss:2  | Reached skill level 15 in Dodging
 59263 | Abyss:2  | Noticed a bone dragon
 59279 | Abyss:2  | Noticed a lich
 59285 | Abyss:2  | Killed a bone dragon
 59286 | Abyss:2  | Paralysed by a lich for 5 turns
 59298 | Abyss:2  | Killed a lich
 59298 | Abyss:2  | Received a gift from Okawaru
 59306 | Elf:3    | Escaped the Abyss
 59756 | Elf:3    | Noticed a Brimstone Fiend
 59982 | Elf:3    | Noticed a Brimstone Fiend
 60329 | Elf:3    | Identified the +9 great mace of Cataclysm {protect, *Slow
                  | rF++ Int+5}
 60385 | Elf:3    | Identified the +4 hand axe of the Establishment {freeze,
                  | +Rage MR+ Dex-3 SInv}
 60522 | Elf:3    | Identified the +1 leather armour of Minor Irritation {rC+
                  | rCorr Slay+5}
 60522 | Elf:3    | Identified the ring of Salvation {rPois rF+ MP-9 Int+2
                  | Stlth+}
 60690 | Elf:3    | Gained mutation: You have a pair of small horns on your
                  | head. [a neqoxec]
 61176 | Elf:3    | Identified the Handbook of Ice and Translocation
 61193 | Elf:3    | Got a scorched plate armour
 61195 | Elf:3    | Identified the Collected Works on Lucky Ignition
 61220 | Elf:3    | Lost mutation: You have a pair of small horns on your head.
                  | [potion of mutation]
 61220 | Elf:3    | Gained mutation: You are partially covered in icy blue
                  | scales. (AC +2) [potion of mutation]
 61220 | Elf:3    | Gained mutation: Your spells are a little harder to cast,
                  | but a little more powerful. [potion of mutation]
 61220 | Elf:3    | Gained mutation: You are clumsy. (Dex -2) [potion of
                  | mutation]
 61220 | Elf:3    | Gained mutation: You have an increased reservoir of magic.
                  | (+10% MP) [potion of mutation]
 61431 | Elf:3    | Noticed Donald
 61446 | Elf:3    | Received a gift from Okawaru
 61459 | Elf:3    | Killed Donald
 61482 | Elf:3    | Identified the +3 plate armour "Yhiqiezu" {rC- rN+++ MR-
                  | Dex+3} (You found it on level 3 of the Elven Halls)
 61906 | Orc:1    | Killed DildoBatman's ghost
 62273 | Swamp:4  | Reached XP level 22. HP: 132/178 MP: 29/29
 62307 | Swamp:4  | Killed struggle's ghost
 62349 | Swamp:4  | Got a pitted ruby amulet
 62371 | Swamp:4  | Identified the amulet "Suofuos" {Faith *Contam rElec Str+4
                  | Slay+5} (You found it on level 4 of the Swamp)
 62544 | Slime:1  | Entered Level 1 of the Pits of Slime
 62857 | Slime:1  | Received a gift from Okawaru
 63314 | Slime:1  | Lost mutation: You have an increased reservoir of magic.
                  | (+10% MP) [a shining eye]
 63607 | Slime:1  | Gained mutation: You are frail. (-10% HP) [a shining eye]
 63622 | Slime:1  | Gained mutation: You occasionally shout uncontrollably at
                  | your foes. [a shining eye]
 63624 | Slime:1  | Gained mutation: You are occasionally teleported next to
                  | monsters. [a shining eye]
 63625 | Slime:1  | Gained mutation: You have large cloven feet. [a shining
                  | eye]
 63628 | Slime:1  | Lost mutation: You are partially covered in icy blue
                  | scales. (AC +2) [potion of mutation]
 63628 | Slime:1  | Lost mutation: You occasionally shout uncontrollably at
                  | your foes. [potion of mutation]
 63628 | Slime:1  | Lost mutation: You are clumsy. (Dex -2) [potion of
                  | mutation]
 63628 | Slime:1  | Lost mutation: You have large cloven feet. [potion of
                  | mutation]
 63628 | Slime:1  | Gained mutation: You have large cloven feet. [potion of
                  | mutation]
 63628 | Slime:1  | Gained mutation: You tend to lose your temper in combat.
                  | [potion of mutation]
 63628 | Slime:1  | Gained mutation: You are surrounded by a mild repulsion
                  | field. (EV +2) [potion of mutation]
 63629 | Slime:1  | Lost mutation: You have large cloven feet. [potion of
                  | mutation]
 63629 | Slime:1  | Lost mutation: You tend to lose your temper in combat.
                  | [potion of mutation]
 63629 | Slime:1  | Lost mutation: You are surrounded by a mild repulsion
                  | field. (EV +2) [potion of mutation]
 63629 | Slime:1  | Gained mutation: Your natural rate of healing is unusually
                  | fast. [potion of mutation]
 63630 | Slime:1  | Lost mutation: You are frail. (-10% HP) [potion of
                  | mutation]
 63630 | Slime:1  | Gained mutation: You are partially covered in thin metallic
                  | scales. (AC +2) [potion of mutation]
 63630 | Slime:1  | Gained mutation: You are resistant to electric shocks.
                  | (rElec) [potion of mutation]
 63631 | Slime:1  | Lost mutation: You are resistant to electric shocks.
                  | (rElec) [potion of mutation]
 63631 | Slime:1  | Lost mutation: You are partially covered in thin metallic
                  | scales. (AC +2) [potion of mutation]
 63631 | Slime:1  | Lost mutation: Your natural rate of healing is unusually
                  | fast. [potion of mutation]
 63631 | Slime:1  | Lost mutation: Your spells are a little harder to cast, but
                  | a little more powerful. [potion of mutation]
 63631 | Slime:1  | Gained mutation: Your spells are a little easier to cast,
                  | but a little less powerful. [potion of mutation]
 63631 | Slime:1  | Gained mutation: Your body sometimes deteriorates upon
                  | taking damage. [potion of mutation]
 63631 | Slime:1  | Gained mutation: You are robust. (+10% HP) [potion of
                  | mutation]
 63631 | Slime:1  | Gained mutation: You are agile. (Dex +2) [potion of
                  | mutation]
 65235 | Slime:2  | Received a gift from Okawaru
 65479 | Slime:2  | Gained mutation: Your body often deteriorates upon taking
                  | damage. [a shining eye]
 65662 | Slime:2  | Gained mutation: You do not regenerate when monsters are
                  | visible. [a shining eye]
 65664 | Slime:2  | Gained mutation: Armour fits poorly on your strangely
                  | shaped body. [a shining eye]
 66407 | Slime:2  | Received a gift from Okawaru
 67019 | Slime:2  | Received a gift from Okawaru
 67063 | Slime:3  | HP: 10/292 [acid (11)]
 67064 | Slime:3  | Splashed with acid

Illustrated notes

Levels and vault maps discovered:
D:1:      dpeg_arrival_pits, layout_loops_ring
D:2:      layout_basic, first_ration, serial_glass, glass_columns_a,
          glass_columns_c
D:3:      layout_basic
D:4:      layout_layer_cave, nicolae_overflow_crystal_walls,
          kennysheep_another_room
D:5:      layout_layer_cave, overflow_temple_1_default, evilmike_ruin_ashenzari,
          columned_hall_lemuel, minmay_holes, uniq_grinder
D:6:      layout_gridville, kennysheep_little_box, overflow_temple_1_default,
          gup_sewer_entry_pipe
D:7:      layout_basic, grunt_temple_overflow_holy_war, zin_treasury,
          lemuel_zombie_altar_kikubaaqudgha, minmay_temple_entry_junction,
          uniq_prince_ribbit1, uniq_maggie, uniq_harold
D:8:      layout_loops_ring, ebering_ghost_disaster_area
D:9:      layout_basic, vehumet_statue, lightli_temple_of_fire,
          lemuel_blue_sif_altar, overflow_temple_1_default, orc_david_3,
          basic_altar, serial_shops, shop, uniq_grum
D:10:     minmay_tri_box, layout_loops_ring, grunt_lair_entry_orc_guard_hut
D:11:     layout_big_octagon
D:12:     layout_irregular_city, hangedman_pestilent_swarm
D:13:     layout_roguey, serial_shops, nicolae_shop_trees
D:14:     layout_rooms, lightli_vaults_fourway_checkpoint, serial_shops,
          nicolae_shop_stone, shop, shop, minmay_misc_feat_pillars
D:15:     hangedman_spin_cycle, uniq_rupert, uniq_azrael
Temple:   nicolae_temple_figure_zero
Lair:1:   layout_hall_layers, uniq_sonja
Lair:2:   layout_chaotic_city, swamp_mist
Lair:3:   layout_roguey
Lair:4:   cheibrodos_lair_overgrown_chateau, layout_small_grid,
          nicolae_spider_entry_non_spiders, enter_volcano_2, lemuel_fruit_fields
Lair:5:   layout_small_grid, chequers_serial_rivers_large_a
Lair:6:   guppyfry_lair_end_dragon, layout_misc_corridors,
          hangedman_lair_caniforms_friends, minmay_slime_entry_pillars,
          minmay_lair_oklob_chamber, serial_bayou_shore_a,
          infiniplex_staircase_pool, uniq_urug
Swamp:1:  layout_basic_swamp, nicolae_swamp_fairy_circle
Swamp:2:  layout_basic_swamp, evilmike_swamp_ruin_rubble_2
Swamp:3:  layout_basic_swamp, basic_altar, swamp_pool2
Swamp:4:  swamp_alternative, layout_basic_swamp,
          gammafunk_ghost_berserking_beasts, uniq_kirke
Spider:1: layout_spider_delve
Spider:2: layout_spider_delve, uniq_arachne, uniq_nikola
Spider:3: layout_spider_delve, einodemon_crawler_minivault
Spider:4: guppyfry_spider_rune
Slime:1:  layout_caves
Slime:2:  layout_caves
Slime:3:  layout_caves
Orc:1:    layout_caves, gammafunk_ghost_split, basic_altar, minmay_orc_treasury
Orc:2:    grunt_orc_cross, layout_caves, serial_shops,
          nicolae_shop_window_shopping
Elf:1:    eino_elf_arrival_the_gate, layout_loops_cross, minmay_elf_demonology,
          minivault_14, uniq_agnes
Elf:2:    layout_geoelf_octagon
Elf:3:    minmay_elf_hall_curves, layout_gridlike, uniq_donald

Skill      XL: |  1  2  3  4  5  6  7  8  9 10 11 12 13 14 15 16 17 18 19 20 21 22 |
---------------+-------------------------------------------------------------------+-----
Maces & Flails | 3 4 5 6 7 8 9 10 11 12 13 15 18 | 18.2
Fighting       | 4 6 7 9 10 11 12 13 14 15 16 | 16.0
Shields        | 4 5 6 7 8 10 11 12 13 15 16 | 16.0
Armour         | 4 5 6 7 9 10 11 12 13 14 15 16 | 16.5
Invocations    | 4 5 6 7 |  7.0
Dodging        | 2 4 5 6 7 10 14 15 17 | 17.0
Throwing       | 4 5 6 7 |  7.0
Evocations     | 2 4 5 6 7 |  7.0

Action                   |  1- 3 |  4- 6 |  7- 9 | 10-12 | 13-15 | 16-18 | 19-21 | 22-24 || total
-------------------------+-------+-------+-------+-------+-------+-------+-------+-------++-------
Melee: Flail             |   100 |   174 |   476 |   590 |       |       |       |       ||  1340
       Morningstar       |       |       |       |   214 |       |       |  1000 |   391 ||  1605
       Mace              |       |       |       |    97 |  1230 |  1830 |   656 |       ||  3813
       Eveningstar       |       |       |       |       |    13 |       |       |       ||    13
       Headbutt          |       |       |       |       |       |       |     7 |       ||     7
Throw: Stone             |       |     2 |    29 |       |       |       |   450 |     3 ||   484
       Dart              |       |     6 |    31 |   205 |   224 |   231 |       |       ||   697
       Javelin           |       |       |       |       |     3 |    92 |    21 |       ||   116
       Boomerang         |       |       |       |       |       |   593 |       |       ||   593
Invok: Heroism           |       |       |     1 |     7 |    23 |    13 |    35 |       ||    79
       Finesse           |       |       |       |       |     4 |     3 |     2 |       ||     9
Evoke: Wand              |       |       |       |       |       |     2 |     6 |       ||     8
  Use: Potion            |       |     2 |     1 |     4 |     6 |     5 |     4 |    11 ||    33
       Scroll            |       |       |    18 |     6 |    13 |    12 |     4 |     1 ||    54
 Stab: Sleeping          |       |       |     1 |       |     2 |     2 |     1 |       ||     6
       Confused          |       |       |       |       |       |     2 |     3 |       ||     5
       Held in net/web   |       |       |       |       |       |       |     3 |       ||     3
  Eat: Chunk             |     2 |     7 |    16 |    31 |    28 |    50 |    38 |     1 ||   173
       Ration            |       |       |     2 |       |     1 |     4 |     2 |     4 ||    13
Armor: Scale mail        |    29 |    85 |    50 |   188 |   368 |   460 |   301 |       ||  1481
       Leather armour    |       |       |    74 |       |       |       |       |       ||    74
       Chain mail        |       |       |    88 |   104 |       |       |       |       ||   192
       Plate armour      |       |       |       |       |       |       |   188 |   120 ||   308
Dodge: Dodged            |    24 |    47 |    94 |   266 |   409 |   689 |   769 |   163 ||  2461
Block: Kite shield       |    38 |    72 |   194 |   465 |   725 |  1103 |  1178 |   226 ||  4001
